 Dungeon Crawl Stone Soup version 0.21-a0-519-gb765982 (webtiles) character file.

5133 slep the Cleaver (level 10, -11/53 HPs)
             Began as a Vine Stalker Monk on Dec 4, 2017.
             Was a High Priest of Okawaru.
             Mangled by a large abomination (12 damage)
             ... on level 1 of the Abyss.
             The game lasted 00:44:27 (6746 turns).

slep the Cleaver (Vine Stalker Monk)                Turns: 6746, Time: 00:44:28

Health: -11/53     AC: 19    Str: 15    XL:     10   Next: 58%
Magic:  0/20       EV: 13    Int: 10    God:    Okawaru [*****.]
Gold:   317        SH:  0    Dex: 19    Spells: 7/9 levels left

rFire    + . .     SeeInvis .   a - +2 hand axe (freeze)
rCold    . . .     Gourm    .   (no shield)
rNeg     . . .     Faith    .   s - +4 scale mail {MR+}
rPois    .         Spirit   +   d - +2 helmet
rElec    .         Reflect  .   p - +0 cloak of Impatience {*Slow rF+ MR+ MP+9}
rCorr    .         Harm     .   (no gloves)
MR       +++..                  W - +2 pair of boots {run}
Stlth    +.........             (no amulet)
HPRegen  0.57/turn              (no ring)
MPRegen  0.17/turn              (no ring)

@: about to teleport, quick
A: fangs 3, regeneration 1, magic shield, antimagic bite, no potion heal 3, rot
immunity
a: Heroism, Finesse, Renounce Religion


You were on level 1 of the Abyss.
You worshipped Okawaru.
Okawaru was extremely pleased with you.
You were very hungry.

You visited 1 branch of the dungeon, and saw 9 of its levels.
You visited the Abyss 1 time.

You collected 317 gold pieces.

Inventory:

Hand Weapons
 a - a +2 hand axe of freezing (weapon)
 b - a +1 blowgun
 K - a +0 great mace of holy wrath
 L - a +0 long sword of venom
Missiles
 o - a poisoned tomahawk (quivered)
 T - 26 poisoned needles
Armour
 d - a +2 helmet (worn)
 p - the +0 cloak of Impatience (worn) {*Slow rF+ MR+ MP+9}
   (Okawaru gifted it to you on level 8 of the Dungeon)

   It protects you from fire.
   It affects your resistance to hostile enchantments.
   It affects your magic capacity (+9).
   It may slow you when you take damage.
 s - a +4 scale mail of magic resistance (worn)
 y - the +1 robe of Protective Custody {rElec Slay+3}
   (You found it on level 5 of the Dungeon)

   It affects your accuracy and damage with ranged weapons and melee attacks
   (+3).
   It insulates you from electricity.
 B - a scarf of cloud immunity
 W - a +2 pair of boots of running (worn)
Wands
 i - a wand of flame (19)
 r - a wand of random effects (20)
Scrolls
 e - 4 scrolls of teleportation
 g - a scroll of enchant weapon
 h - 4 scrolls of fear
 k - 4 scrolls of identify
 m - a scroll of noise {unknown}
 n - 2 scrolls of blinking
 t - 4 scrolls of enchant armour
 w - a scroll of random uselessness {unknown}
 Q - 2 scrolls of amnesia {unknown}
 R - a scroll of silence {unknown}
 V - a scroll of immolation {unknown}
Potions
 f - 4 potions of curing
 l - a potion of magic
 q - 2 potions of flight
 u - a potion of berserk rage
 D - a potion of lignification {unknown}
 F - a potion of invisibility {unknown}
 G - a potion of might {unknown}
 N - 3 potions of degeneration {unknown}
Books
 O - a book of Minor Magic

   Spells                             Type                      Level
   a - Magic Dart                     Conjuration                  1
   b - Blink                          Translocation                2
   c - Call Imp                       Summoning                    2
   d - Slow                           Hexes                        2
   e - Conjure Flame                  Conjuration/Fire             3
   f - Mephitic Cloud                 Conjuration/Poison/Air       3
Comestibles
 c - 4 bread rations
 z - 3 royal jellies
 I - 27 fruits
 M - 2 meat rations


   Skills:
 + Level 6.5 Fighting
 + Level 9.3 Axes
 + Level 1.0 Throwing
 + Level 6.5 Armour
 + Level 5.0 Dodging
 + Level 3.8 Stealth
 + Level 1.0 Evocations


You had 7 spell levels left.
You knew the following spells:

 Your Spells              Type           Power        Failure   Level  Hunger
a - Blink                 Tloc           N/A          89%         2    ###....


Dungeon Overview and Level Annotations

Branches:
Dungeon (9/15)             Temple (0/1) D:7            Lair (0/6) D:8
    Orc: D:9-12

Altars:
Ashenzari
Dithmenos
Elyvilon
Fedhas
Okawaru
Sif Muna
Trog
Uskayaw
Yredelemnul
The Shining One

Annotations:
D:9 Psyche


Innate Abilities, Weirdness & Mutations

You have razor-sharp teeth.
Your natural rate of healing is unusually fast.
When hurt, damage is shared between your health and your magic reserves.
Your bite disrupts and absorbs the magic of your enemies.
Potions cannot restore your health.
You are immune to rotting.


Message History

You bite the large abomination, but do no damage.
The large abomination is severely damaged.
The large abomination closely misses you.
Okay, then.
You eat one of the 28 fruits.
You are feeling very hungry.
That choko was very bland.
The large abomination misses you.
You bump into the rock wall.
The large abomination misses you.
You closely miss the large abomination.
You bite the large abomination, but do no damage.
The large abomination is severely damaged.
You feel less invigorated.
You feel less confused. The large abomination hits you!!
* * * LOW HITPOINT WARNING * * *
As you read the scroll of teleportation, it crumbles to dust.
You feel strangely unstable.
You feel the power of the Abyss delaying your translocation!
The large abomination hits you!!
You die...

# .. ### #.# #.#
. ## #...####@#
..
##.######(.xX#.#
.
.*#...((.#..###
.##
...##.#ยงยง##..#
.. . .. ## .###
..# #.# ..# #. #
.. #.# #. .X# #
### #..##..### #


You could see a large abomination and a small abomination.

Vanquished Creatures
  The ghost of isock the Magician, a novice GnSk of Uskayaw (D:8)
  Pikel (D:8)
  Grinder (D:5)
  Prince Ribbit (D:6)
  2 hippogriffs (D:8)
  A water moccasin (D:7)
  2 black bears
  An ice beast (D:5)
  An orc warrior (D:6)
  2 slaves (D:8)
  A sky beast (D:8)
  2 ogres
  2 phantoms (D:8)
  3 centaurs
  2 big kobolds (D:8)
  Blork the orc (D:6)
  The ghost of slep the Chopper, an amateur VSMo (D:3)
  5 bullfrogs
  3 scorpions
  6 killer bees (D:8)
  4 wights (D:7)
  A crimson imp (D:5)
  A quasit (Abyss:1)
  3 centaur zombies
  3 jellies
  3 hounds
  2 orc priests (D:5)
  A centaur skeleton (D:8)
  2 orc wizards
  Terence (D:3)
  An iguana (D:5)
  10 worker ants
  Robin (D:3)
  A worker ant zombie (D:8)
  4 gnolls (D:6)
  8 adders
  A shadow imp (D:7)
  3 oozes
  2 adder zombies
  2 worms (D:6)
  A dart slug (D:5)
  2 leopard geckos (D:3)
  16 orcs
  3 giant cockroaches
  15 goblins
  9 hobgoblins
  7 jackals
  A quokka (D:4)
  5 ball pythons
  12 bats
  5 frilled lizards
  6 kobolds
  A leopard gecko skeleton (D:5)
  A leopard gecko zombie (D:8)
  A quokka zombie (D:6)
  15 rats
  A lurking horror (Abyss:1)
194 creatures vanquished.

Vanquished Creatures (others)
  2 slaves (D:8)
2 creatures vanquished.

Grand Total: 196 creatures vanquished

Notes
Turn   | Place    | Note
-------+----------+-------------------------------------------
     0 | D:1      | slep the Vine Stalker Monk began the quest for the Orb.
     0 | D:1      | Reached XP level 1. HP: 11/11 MP: 2/2
   162 | D:1      | Reached XP level 2. HP: 11/16 MP: 1/3
   167 | D:1      | Reached skill level 3 in Axes
   729 | D:1      | Reached XP level 3. HP: 14/19 MP: 4/4
  1065 | D:2      | Found a faded altar of an unknown god.
  1072 | D:2      | Gained mutation: Your natural rate of healing is unusually fast. [Vine Stalker growth]
  1072 | D:2      | Reached XP level 4. HP: 6/24 MP: 3/5
  1195 | D:2      | Found an iron altar of Okawaru.
  1204 | D:2      | Became a worshipper of Warmaster Okawaru
  1204 | D:2      | Reached * piety under Okawaru
  1204 | D:2      | Reached ** piety under Okawaru
  1390 | D:2      | Found a shadowy altar of Dithmenos.
  1582 | D:2      | Found a deep blue altar of Sif Muna.
  1817 | D:2      | HP: 1/24 [poisoned by an orc]
  1874 | D:3      | Reached skill level 4 in Axes
  1888 | D:3      | Reached XP level 5. HP: 28/28 MP: 6/6
  1912 | D:3      | Noticed slep's ghost (amateur VSMo)
  1930 | D:3      | Killed slep's ghost
  1961 | D:3      | Noticed Robin
  1986 | D:3      | Killed Robin
  1986 | D:3      | Reached skill level 1 in Armour
  2201 | D:3      | Reached XP level 6. HP: 32/32 MP: 7/7
  2229 | D:3      | Noticed Terence
  2260 | D:3      | Killed Terence
  2794 | D:4      | Found a white marble altar of Elyvilon.
  3016 | D:5      | Entered Level 5 of the Dungeon
  3023 | D:5      | Got a ripped robe
  3034 | D:5      | Identified the +1 robe of Protective Custody {rElec Slay+3} (You found it on level 5 of the Dungeon)
  3050 | D:5      | Noticed an ice beast
  3084 | D:5      | Killed an ice beast
  3207 | D:5      | Reached skill level 5 in Axes
  3256 | D:5      | Reached XP level 7. HP: 24/37 MP: 6/8
  3290 | D:5      | Noticed Grinder
  3307 | D:5      | Killed Grinder
  3307 | D:5      | Reached *** piety under Okawaru
  3498 | D:5      | Found a hide-covered altar of Uskayaw.
  3498 | D:5      | Noticed a hand axe
  3498 | D:5      | Noticed a hand axe
  3569 | D:5      | Gained mutation: You have razor-sharp teeth. [Vine Stalker growth]
  3569 | D:5      | Reached XP level 8. HP: 42/42 MP: 9/9
  3579 | D:5      | Reached skill level 6 in Axes
  4040 | D:6      | Reached **** piety under Okawaru
  4089 | D:6      | Noticed Prince Ribbit
  4105 | D:6      | Killed Prince Ribbit
  4198 | D:6      | Reached skill level 7 in Axes
  4285 | D:6      | Noticed Blork the orc
  4297 | D:6      | Killed Blork the orc
  4355 | D:6      | Reached skill level 5 in Fighting
  4585 | D:6      | Noticed a moth of wrath
  4588 | D:6      | Found a bloodstained altar of Trog.
  4713 | D:7      | Reached XP level 9. HP: 47/47 MP: 10/10
  4974 | D:7      | Reached skill level 5 in Armour
  5040 | D:7      | Found a staircase to the Ecumenical Temple.
  5062 | D:7      | Found a basalt altar of Yredelemnul.
  5071 | D:7      | Found a glowing golden altar of the Shining One.
  5073 | D:7      | Noticed an angel
  5182 | D:7      | Found a shattered altar of Ashenzari.
  5389 | D:8      | Found a staircase to the Lair.
  5397 | D:8      | Reached ***** piety under Okawaru
  5434 | D:8      | Found a blossoming altar of Fedhas.
  5507 | D:8      | Reached skill level 8 in Axes
  5563 | D:8      | Noticed isock's ghost (novice GnSk)
  5750 | D:8      | Identified a +2 pair of boots of running (You found it on level 8 of the Dungeon)
  5759 | D:8      | Learned a level 2 spell: Blink
  5825 | D:8      | Reached skill level 1 in Throwing
  5912 | D:8      | Noticed Pikel
  5951 | D:8      | Reached XP level 10. HP: 45/53 MP: 9/11
  5993 | D:8      | Killed Pikel
  5993 | D:8      | Received a gift from Okawaru
  5993 | D:8      | Reached skill level 9 in Axes
  5994 | D:8      | Got a warped cloak {god gift}
  6034 | D:8      | Identified the +0 cloak of Impatience {*Slow rF+ MR+ MP+9} (Okawaru gifted it to you on level 8 of the Dungeon)
  6208 | D:8      | Killed isock's ghost
  6268 | D:8      | Reached skill level 5 in Dodging
  6321 | D:8      | Reached skill level 1 in Evocations
  6615 | D:9      | Noticed Psyche
  6623 | D:9      | Cast into level 1 of the Abyss (Psyche)
  6623 | Abyss:1  | Found a corrupted altar of Lugonu.
  6704 | Abyss:1  | Noticed a large abomination
  6745 | Abyss:1  | HP: 1/53 [large abomination (5)]
  6746 | Abyss:1  | Mangled by a large abomination

Vault maps used:
D:1:      dpeg_arrival_rooms_c, serial_bayou, serial_bayou_crossing,
          serial_bayou_pond_e, serial_bayou_shore_b, serial_bayou_pond_b,
          serial_bayou_ford_a, kennysheep_flooded_box
D:2:      okawaru_ov_weapons_minmay, lemuel_crystal_altar,
          chequers_ecumenical_altar_island, grunt_decor_arrowhead, led_sif_pool
D:3:      uniq_terence, uniq_robin
D:4:      lemuel_doored_altar, first_bread
D:5:      dancing_weapons_uskayaw, nicolae_sextant, uniq_grinder
D:6:      tgw_trog, uniq_prince_ribbit1, uniq_blork_the_orc
D:7:      grunt_temple_overflow_holy_war, ashenzari_altar_1,
          minmay_temple_entry_statues
D:8:      nicolae_overflow_crystal_walls, lair_entry_dummy, blue_anna_alchemist,
          wad_rectangle_vault, uniq_pikel
D:9:      cheibrodos_worm_habitat, nicolae_gozag_seed_capital,
          lemuel_coloured_pillars_altar, nicolae_qazlal_eye_of_the_storm,
          nicolae_dithmenos_through_a_glass_darkly, uniq_maurice, uniq_psyche,
          uniq_erica

Skill      XL: |  1  2  3  4  5  6  7  8  9 10 |
---------------+-------------------------------+-----
Axes           | 3 4 5 7 8 9 |  9.3
Fighting       | 3 4 5 6 |  6.5
Dodging        | 3 4 5 |  5.0
Stealth        | 3 |  3.8
Armour         | 1 2 4 5 6 |  6.5
Throwing       | 1 |  1.0
Evocations     | 1 |  1.0

Action                   |  1- 3 |  4- 6 |  7- 9 | 10-12 || total
-------------------------+-------+-------+-------+-------++-------
Melee: Hand axe          |    93 |   259 |   400 |   199 ||   951
       Bite              |    24 |    85 |   143 |    66 ||   318
Throw: Tomahawk          |       |       |     9 |     3 ||    12
Evoke: Wand              |       |       |       |     6 ||     6
  Use: Potion            |       |     3 |     2 |     2 ||     7
       Scroll            |       |       |       |     9 ||     9
 Stab: Sleeping          |     2 |     5 |       |       ||     7
  Eat: Chunk             |       |     7 |    10 |     1 ||    18
       Fruit             |       |       |       |     1 ||     1
Armor: Robe              |    28 |       |       |       ||    28
       Ring mail         |     1 |    44 |       |       ||    45
       Scale mail        |       |    31 |   162 |    92 ||   285
Dodge: Dodged            |   103 |   151 |   220 |    92 ||   566

Table legend:
 A = Spawn XP
 B = Non-spawn XP
 C = Spawn XP percentage of total XP
 D = Spawn monster count
 E = Non-spawn monster count
 F = Spawn count percentage of total count
 G = Total turns spent on level
                    A         B        C        D         E        F      G
               +---------+---------+-------+---------+---------+-------+---------
         Total |      45 |    7289 |   0.6 |       1 |     190 |   0.5 |  6746
               +---------+---------+-------+---------+---------+-------+---------
           D:1 |       0 |      46 |   0.0 |       0 |      28 |   0.0 |  1026
           D:2 |       0 |     110 |   0.0 |       0 |      24 |   0.0 |   829
           D:3 |       0 |     231 |   0.0 |       0 |      31 |   0.0 |   784
           D:4 |       0 |       2 |   0.0 |       0 |       1 |   0.0 |   377
           D:5 |       0 |    1053 |   0.0 |       0 |      31 |   0.0 |   962
           D:6 |       0 |     871 |   0.0 |       0 |      23 |   0.0 |   679
           D:7 |       0 |    1223 |   0.0 |       0 |      17 |   0.0 |   743
           D:8 |       0 |    3708 |   0.0 |       0 |      34 |   0.0 |  1181
           D:9 |       0 |      45 |   0.0 |       0 |       1 |   0.0 |    42
       Abyss:1 |      45 |       0 | 100.0 |       1 |       0 | 100.0 |   123
               +---------+---------+-------+---------+---------+-------+---------
